 Dungeon Crawl Stone Soup version 0.29.1-4-g47bece8355 (webtiles) character file.

Game seed: 11938658750600072322

7279 Peloso the Carver (level 10, -2/91 HPs)
             Began as a Minotaur Fighter on Dec 8, 2022.
             Was a Priest of Okawaru.
             Slain by a troll (3 damage)
             ... on level 10 of the Dungeon.
             The game lasted 00:20:31 (11370 turns).

Peloso the Carver (Minotaur Fighter)               Turns: 11370, Time: 00:20:31

Health: -2/91      AC: 16    Str: 24    XL:     10   Next: 89%
Magic:  9/9        EV: 11    Int:  5    God:    Okawaru [***...]
Gold:   105        SH: 11    Dex: 11    Spells: 9/9 levels left

rFire   . . .      SeeInvis .   a - +0 long sword
rCold   . . .      Faith    .   c - +0 buckler
rNeg    + + .      Spirit   .   b - +2 scale mail {rN+}
rPois   .          Reflect  +   (helmet restricted)
rElec   .          Harm     .   o - +0 cloak
rCorr   .          Rampage  .   f - +2 pair of gloves
Will    .....                   u - +0 pair of boots
Stlth   ..........              z - amulet of reflection
HPRegen 0.25/turn               y - ring of positive energy
MPRegen 0.11/turn               (no ring)

@: no status effects
A: horns 2, retaliatory headbutt
a: Renounce Religion, Heroism


You were on level 10 of the Dungeon.
You worshipped Okawaru.
Okawaru was most pleased with you.
You visited 2 branches of the dungeon, and saw 11 of its levels.
You also visited: Sewer.

You collected 729 gold pieces.
You spent 624 gold pieces at shops.

Inventory:

Hand Weapons
 a - a +0 long sword (weapon)
Missiles
 r - 4 throwing nets (quivered)
Armour
 b - a +2 scale mail of positive energy (worn)
 c - a +0 buckler (worn)
 f - a +2 pair of gloves (worn)
 o - a +0 cloak (worn)
 u - a +0 pair of boots (worn)
 w - a +0 plate armour
Jewellery
 q - an amulet of the acrobat
 y - a ring of positive energy (left hand)
 z - an amulet of reflection (around neck)
 G - a ring of poison resistance
 I - a ring of resist corrosion
Wands
 v - a wand of roots (17)
 D - a wand of flame (15)
Scrolls
 g - a scroll of silence
 h - a scroll of immolation
 j - a scroll of enchant armour
 l - 2 scrolls of brand weapon
 x - a scroll of fog
 A - a scroll of summoning
 C - a scroll of magic mapping
 E - a scroll of fear
 F - a scroll of identify
 J - a scroll of acquirement
Potions
 d - 2 potions of might
 e - a potion of berserk rage
 i - 3 potions of mutation
 k - 2 potions of degeneration
 m - 6 potions of flight
 n - 2 potions of curing
 p - a potion of cancellation
 s - 2 potions of brilliance
 t - 2 potions of invisibility
 B - a potion of magic {unknown}
 H - a potion of lignification {unknown}


   Skills:
 + Level 9.2 Fighting
 + Level 12.7 Long Blades
 + Level 9.1 Armour
 + Level 5.4 Dodging
 + Level 1.4 Stealth
 + Level 8.6 Shields
 + Level 0.8 Invocations


You had 9 spell levels left.
You didn't know any spells.
Your spell library contained the following spells:

 Spells                   Type           Power      Damage    Failure   Level
 Magic Dart               Conj           0%         1d3       80%         1
 Sublimation of Blood     Necr           0%         N/A       91%         2
 Wereblood                Tmut           0%         N/A       91%         2
 Conjure Flame            Conj/Fire      0%         6-21      99%         3
 Ignite Poison            Fire/Tmut/Pois 0%         N/A       99%         3
 Mephitic Cloud           Conj/Pois/Air  0%         N/A       99%         3
 Sticky Flame             Conj/Fire      0%         2d3       100%        4
 Freezing Cloud           Conj/Ice/Air   0%         6-21      100%        5
 Call Imp                 Summ           Unusable   N/A       N/A         2
 Summon Hydra             Summ           Unusable   N/A       N/A         7

Dungeon Overview and Level Annotations

Branches:
Dungeon (10/15)            Temple (1/1) D:6            Lair (0/5) D:8
  Sewer (visited)
    Orc: D:9-12

Altars:
Ashenzari
Cheibriados
Dithmenos
Elyvilon
Fedhas
Gozag
Hepliaklqana
Kikubaaqudgha
Makhleb
Nemelex Xobeh
Okawaru
Qazlal
Ru
Sif Muna
Trog
Uskayaw
Vehumet
Wu Jian
Xom
Yredelemnul
Zin
The Shining One

Shops:
D:7 ?   D:8 :?(   D:9 *

Annotations:
D:7 exclusion: oklob plant
D:9 Gastronok


Innate Abilities, Weirdness & Mutations

You have a pair of horns on your head.
You reflexively headbutt those who attack you in melee.


Message History

* * * LOW HITPOINT WARNING * * *
You block the troll's attack. x2
You see here a hornet corpse.
Unknown command.
You slash the troll! You headbutt the troll!
The troll is severely wounded.
You block the troll's attack. The troll claws you.
* * * LOW HITPOINT WARNING * * *
You block the troll's attack.
You barely miss the troll.
The troll is severely wounded.
The troll bites you.
* * * LOW HITPOINT WARNING * * *
The troll claws you!
* * * LOW HITPOINT WARNING * * *
The troll claws you but does no damage.
You feel better. The troll bites you but does no damage. The troll claws you.
* * * LOW HITPOINT WARNING * * *
You block the troll's attack.
You feel better. The troll misses you. The troll closely misses you.
The troll barely misses you.
You slash the troll!
The troll is severely wounded.
Unknown command.
You closely miss the troll.
The troll is severely wounded.
The troll bites you but does no damage.
The troll claws you but does no damage. x2
Unknown command.
You completely miss the troll.
The troll is severely wounded.
The troll bites you.
* * * LOW HITPOINT WARNING * * *
The troll claws you but does no damage. You block the troll's attack.
Unknown command.
You barely miss the troll.
The troll is severely wounded.
The troll bites you!
* * * LOW HITPOINT WARNING * * *
The troll claws you.
You die...

.........#...#......#.....#
.........#...#......#.....#
.........#...#......#.....#
.........#####......#.....#
.............#............#
.............#............#
.............#......#.....#
.............########.....#
.........#@T.#............#
.........#...#............#
.........#...#............#
...################.#######
#......................#
#......................#
#.....................>#
#......................#
#...........)..........#


You could see a troll.

Vanquished Creatures
  Pikel (D:5)
  Joseph (D:9)
  Psyche (D:8)
  Maggie (D:6)
  A troll (D:10)
  A hornet (D:10)
  A shadow (D:10)
  3 wyverns
  4 yaks (D:8)
  A basilisk (D:8)
  Grum (D:8)
  Menkaure (D:6)
  Edmund (D:6)
  6 water moccasins
  3 ice beasts
  3 black bears
  3 ogres
  3 wolves
  2 centaurs
  3 lemures (D:5)
  A gnoll sergeant (D:10)
  2 bullfrogs
  3 necrophages
  3 scorpions
  2 wights (D:8)
  3 killer bees
  6 hounds
  10 jellies (D:7)
  4 orc priests
  Crazy Yiuf (D:6)
  3 iguanas
  A gnoll bouda (D:8)
  5 orc wizards
  Terence (D:2)
  10 adders
  13 gnolls
  A river rat (D:3)
  3 white imps
  4 worms
  3 dart slugs
  24 orcs
  18 endoplasms
  8 giant cockroaches
  7 goblins
  5 hobgoblins
  11 jackals
  5 kobolds
  2 quokkas
  10 ball pythons
  10 bats
  5 frilled lizards
  6 rats
  A spectral kobold (D:1)
232 creatures vanquished.

Vanquished Creatures (others)
  A yak (D:8)
  An orc wizard (D:8)
  13 fungi
  34 plants
49 creatures vanquished.

Grand Total: 281 creatures vanquished

Notes
Turn   | Place    | Note
-------+----------+-------------------------------------------
     0 | D:1      | Peloso the Minotaur Fighter began the quest for the Orb.
     0 | D:1      | Reached XP level 1. HP: 19/19 MP: 0/0
   192 | D:1      | Found a faded altar of an unknown god.
   350 | D:1      | Reached XP level 2. HP: 27/27 MP: 1/1
   828 | D:2      | Reached skill level 3 in Long Blades
   895 | D:2      | Noticed Terence
   911 | D:2      | Killed Terence
   912 | D:2      | Reached XP level 3. HP: 23/33 MP: 2/2
  1014 | D:2      | You fall into a shaft and drop 1 floor!
  1014 | D:3      | Found a glowing drain.
  1017 | Sewer    | Entered a sewer
  1242 | Sewer    | Reached XP level 4. HP: 32/41 MP: 3/3
  1467 | Sewer    | Reached skill level 4 in Long Blades
  1934 | D:3      | Reached skill level 1 in Dodging
  2065 | D:3      | Reached XP level 5. HP: 47/47 MP: 4/4
  2087 | D:3      | Found an ornate altar of the Wu Jian Council.
  3424 | D:4      | Reached skill level 5 in Long Blades
  3424 | D:4      | Reached XP level 6. HP: 50/55 MP: 5/5
  3536 | D:4      | Reached skill level 5 in Shields
  3651 | D:4      | Reached skill level 5 in Fighting
  4012 | D:4      | Reached skill level 6 in Long Blades
  4012 | D:4      | Reached skill level 5 in Armour
  4012 | D:4      | Reached XP level 7. HP: 55/61 MP: 6/6
  4368 | D:5      | Entered Level 5 of the Dungeon
  4674 | D:5      | Reached skill level 7 in Long Blades
  4993 | D:5      | Reached XP level 8. HP: 57/69 MP: 7/7
  5110 | D:5      | Reached skill level 8 in Long Blades
  5251 | D:6      | Noticed Edmund
  5268 | D:6      | HP: 1/70 [Edmund/+3 flail of holy wrath (6)]
  5270 | D:6      | Killed Edmund
  5534 | D:6      | Found a broken altar of Ashenzari.
  5701 | D:6      | Noticed Menkaure
  5722 | D:5      | Reached skill level 9 in Long Blades
  5868 | D:6      | Killed Menkaure
  5929 | D:6      | Found a staircase to the Ecumenical Temple.
  5929 | D:6      | Noticed Maggie
  5931 | D:6      | Noticed Pikel
  6012 | D:5      | Killed Pikel
  6013 | D:5      | Reached skill level 10 in Long Blades
  6013 | D:5      | Reached XP level 9. HP: 24/78 MP: 8/8
  6394 | D:6      | Killed Maggie
  6542 | Temple   | Entered the Ecumenical Temple
  6612 | Temple   | Became a worshipper of Warmaster Okawaru
  6735 | D:6      | Found a radiant altar of Vehumet.
  7075 | D:6      | Found a runed translucent door.
  7076 | D:6      | Noticed Crazy Yiuf
  7082 | D:6      | Killed Crazy Yiuf
  7640 | D:7      | Found Caadaek's Magic Scroll Shoppe.
  7644 | D:7      | Reached skill level 11 in Long Blades
  7818 | D:7      | Reached * piety under Okawaru
  7831 | D:7      | Noticed an oklob plant
  7867 | D:7      | HP: 3/79 [acid (7)]
  8337 | D:8      | Reached skill level 1 in Stealth
  8415 | D:8      | Found Cocaol's Book Boutique.
  8469 | D:8      | Reached ** piety under Okawaru
  8470 | D:8      | Reached XP level 10. HP: 63/88 MP: 9/9
  8492 | D:8      | Noticed Psyche
  8905 | D:8      | Found Dakhlun's Magic Scroll Boutique.
  8972 | D:8      | Found a staircase to the Lair.
  8997 | D:8      | Reached skill level 12 in Long Blades
  9015 | D:8      | Killed Psyche
  9044 | D:8      | Reached skill level 5 in Dodging
  9192 | D:8      | Noticed Grum
  9520 | D:8      | Killed Grum
  9520 | D:8      | Reached *** piety under Okawaru
  9918 | D:8      | Found Gaityvun's Antique Weapon Emporium.
 10173 | D:9      | Found Byef's General Store.
 10173 | D:9      | Noticed Gastronok
 10331 | D:9      | Noticed Joseph
 10460 | D:9      | Killed Joseph
 10511 | D:7      | Bought a scroll of acquirement for 624 gold pieces
 10951 | D:10     | Entered Level 10 of the Dungeon
 11340 | D:10     | Paralysed by a hornet for 2 turns
 11364 | D:10     | HP: 1/91 [troll (11)]
 11370 | D:10     | HP: 1/91 [troll (9)]
 11370 | D:10     | Slain by a troll

Illustrated notes

Levels and vault maps discovered:
D:1:      lightli_arrival_noodles, layout_loops_ring,
          dreamdust_ecumenical_altar_drowned_temple
D:2:      layout_basic, minivault_24, dk_vineyard_2, uniq_terence
D:3:      layout_rooms, pdpol_wu_jian_five_deadly_venoms, gup_sewer_entry_bowl,
          hangedman_abyss_or_decor_lesser_grid, st_stairs_13
D:4:      layout_basic, kennysheep_generic_room_12
D:5:      nicolae_cairo_tiling_very_big, layout_basic,
          minmay_misc_feat_enclosed, kennysheep_generic_room_7
D:6:      layout_basic, mainiacjoe_overflow_catwalk, vehumet_altar_wand_db,
          minmay_temple_entry_large_hall, uniq_menkaure, uniq_pikel,
          uniq_maggie, uniq_crazy_yiuf_cottage, uniq_edmund
D:7:      lemuel_slime, layout_rooms, serial_shops, shop
D:8:      layout_rooms, minmay_lair_entry_grove, serial_shops,
          nicolae_shop_hallway_plus, shop, nicolae_shop_hallway_plus, uniq_grum,
          uniq_psyche
D:9:      layout_irregular_city, serial_shops, shop_statue, uniq_joseph,
          uniq_gastronok
D:10:     layout_grid_maze, orc_0_dummy, serial_bayou_lagoon_a, uniq_lodul,
          uniq_erica
Temple:   compressed_dpeg_triangle_lava_temple

Skill      XL: |  1  2  3  4  5  6  7  8  9 10 |
---------------+-------------------------------+-----
Fighting       | 4 5 6 7 9 |  9.2
Long Blades    | 3 4 5 6 7 10 11 12 | 12.7
Armour         | 4 5 6 7 9 |  9.1
Shields        | 4 5 6 7 8 |  8.6
Dodging        | 1 2 3 4 5 |  5.4
Stealth        | 1 |  1.4
Invocations    | |  0.8

Action                   |  1- 3 |  4- 6 |  7- 9 | 10-12 || total
-------------------------+-------+-------+-------+-------++-------
Melee: Long sword        |    75 |   185 |   421 |   247 ||   928
       Headbutt          |    10 |    23 |    94 |    45 ||   172
Invok: Heroism           |       |       |       |     6 ||     6
  Use: Scroll            |     2 |    10 |     6 |     3 ||    21
       Potion            |       |       |     8 |     3 ||    11
Armor: Scale mail        |    50 |    95 |   159 |   123 ||   427
Dodge: Dodged            |    51 |   103 |   183 |   110 ||   447
Block: Buckler           |    25 |    42 |   148 |   167 ||   382
       Reflection        |       |       |     1 |     3 ||     4
